[Event "1st Sivas Buruciye Open 2019"]
[Site "Sivas"]
[Date "2019.08.23"]
[Round "8"]
[White "Saraci, Nderim"]
[Black "Annaberdiev, Meilis"]
[Result "1/2-1/2"]
[ECO "B40"]
[WhiteElo "2398"]
[BlackElo "2518"]
[Annotator "RC"]
[PlyCount "77"]
[EventDate "2019.08.19"]
[EventType "swiss"]
[EventCountry "TUR"]
[SourceTitle "playchess.com"]
[Source "ChessBase"]
[SourceQuality "1"]
[TimeControl "5400+30"]

1. e4 c5 2. Nf3 e6 3. g3 b6 4. Bg2 Bb7 5. Nc3 Nf6 6. e5 Ne4 7. Nxe4 Bxe4 8. d3 Bb7 9. O-O Be7 10. d4 O-O 11. Be3 Nc6 12. c4 Nxd4 13. Nxd4 Bxg2 14. Nxe6 dxe6 15. Qxd8 Raxd8 16. Kxg2 f6 17. Rad1 fxe5 18. Rxd8 Bxd8 19. Rd1 e4 20. Rd7 Bf6 21. b3 Rf7 22. Rd6 Re7 23. a4 Kf7 24. Kf1 Rb7 25. Ke2 Ke7 26. Rd2 h6 27. h3 Bc3 28. Rd1 e5 29. Rd5 Bd4 30. Bxd4 exd4 31. Re5+ Kd6 32. Rxe4 g5 33. h4 Re7 34. Rxe7 Kxe7 35. hxg5 hxg5 36. f3 Kf6 37. Kd2 Ke5 38. Kd3 Kf5 39. Kd2 1/2-1/2

[Event "1st Sivas Buruciye Open 2019"]
[Site "Sivas"]
[Date "2019.08.23"]
[Round "8"]
[White "Abdulov, Orkhan"]
[Black "Gasimov, Parviz"]
[Result "1-0"]
[ECO "C06"]
[WhiteElo "2397"]
[BlackElo "2342"]
[Annotator "ChessBase"]
[PlyCount "123"]
[EventDate "2019.08.19"]
[EventType "swiss"]
[EventCountry "TUR"]
[SourceTitle "playchess.com"]
[Source "ChessBase"]
[SourceQuality "1"]
[TimeControl "5400+30"]

1. e4 e6 2. d4 d5 3. Nd2 Nf6 4. e5 Nfd7 5. Bd3 c5 6. c3 Nc6 7. Ne2 cxd4 8. cxd4 f6 9. exf6 Nxf6 10. Nf3 Bd6 11. O-O O-O 12. Bf4 Bxf4 13. Nxf4 Ng4 14. Qd2 Qf6 15. Nh5 Qh6 16. Qxh6 Nxh6 17. Rfd1 a6 18. Rac1 g6 19. Ng3 Bd7 20. Bb1 Rac8 21. Ne2 Nf7 22. h4 Nd6 23. b3 Kg7 24. Ne5 Rc7 25. Rc3 Nb5 26. Re3 Nxe5 27. dxe5 Rfc8 28. h5 Nc3 29. Nxc3 Rxc3 30. Rxc3 Rxc3 31. hxg6 hxg6 32. Kf1 Rc8 33. Ke2 Rh8 34. Ke3 Rh2 35. Rg1 g5 36. Kd4 b6 37. Bd3 a5 38. Rc1 Kf8 39. Rc7 Ke8 40. Rb7 Rxg2 41. Rxb6 Rxf2 42. Rb8+ Ke7 43. Rb7 Kd8 44. Kc5 Rf3 45. Kd6 Rxd3 46. Rxd7+ Kc8 47. Rc7+ Kb8 48. Rg7 Rg3 49. Kxe6 d4 50. Rd7 d3 51. Kf5 Re3 52. Rd5 Kc7 53. Rxa5 g4 54. Kxg4 Kc6 55. Kf4 d2 56. Ra6+ Kc5 57. Rd6 Re2 58. a3 Rh2 59. Rd8 Rh3 60. Rxd2 Rxb3 61. e6 Rb1 62. Ke5 1-0

[Event "1st Sivas Buruciye Open 2019"]
[Site "Sivas"]
[Date "2019.08.23"]
[Round "8"]
[White "Odeev, Handszar"]
[Black "Caner, Resul"]
[Result "1-0"]
[ECO "C00"]
[WhiteElo "2360"]
[BlackElo "1873"]
[Annotator "ChessBase"]
[PlyCount "71"]
[EventDate "2019.08.19"]
[EventType "swiss"]
[EventCountry "TUR"]
[SourceTitle "playchess.com"]
[Source "ChessBase"]
[SourceQuality "1"]
[TimeControl "5400+30"]

1. e4 e6 2. Qe2 Be7 3. Qg4 Nf6 4. Qxg7 Rg8 5. Qh6 Nc6 6. Nf3 Bc5 7. e5 Bxf2+ 8. Ke2 Rg6 9. Qh3 Ng4 10. Qxh7 Bd4 11. Qh8+ Ke7 12. Qh4+ Ke8 13. Qxd8+ Kxd8 14. c3 Bxe5 15. Nxe5 Ngxe5 16. d4 Ng4 17. h3 Nf6 18. Kf3 e5 19. Bd3 Rg8 20. Re1 d6 21. Be3 Be6 22. Kf2 e4 23. Bf1 Nd5 24. c4 Nxe3 25. Kxe3 Nb4 26. Na3 f5 27. d5 Bd7 28. Kf4 c6 29. Rad1 Kc7 30. Rd2 Rae8 31. Nc2 Nd3+ 32. Bxd3 exd3 33. Rxe8 Rxe8 34. Ne3 Re4+ 35. Kf3 cxd5 36. Nxd5+ 1-0

[Event "1st Sivas Buruciye Open 2019"]
[Site "Sivas"]
[Date "2019.08.23"]
[Round "8"]
[White "Lortkipanidze, Nodar"]
[Black "Darban, Morteza"]
[Result "1/2-1/2"]
[ECO "D01"]
[WhiteElo "2336"]
[BlackElo "2280"]
[Annotator "NA"]
[PlyCount "35"]
[EventDate "2019.08.19"]
[EventType "swiss"]
[EventCountry "TUR"]
[SourceTitle "playchess.com"]
[Source "ChessBase"]
[SourceQuality "1"]
[TimeControl "5400+30"]

1. d4 Nf6 2. Nc3 d5 3. Bg5 Nbd7 4. Qd3 g6 5. O-O-O Bg7 6. f3 O-O 7. e4 c6 8. Qd2 b5 9. e5 Ne8 10. h4 f6 11. exf6 exf6 12. Bh6 Bxh6 13. Qxh6 Nd6 14. Bd3 Rf7 15. Nh3 Nf8 16. g4 a5 17. Rde1 Raa7 18. Ne2 1/2-1/2

[Event "1st Sivas Buruciye Open 2019"]
[Site "Sivas"]
[Date "2019.08.23"]
[Round "8"]
[White "Hasanzade, Toghrul"]
[Black "Sevdimaliyev, Urfan"]
[Result "1/2-1/2"]
[ECO "D02"]
[WhiteElo "2314"]
[BlackElo "2348"]
[Annotator "NA"]
[PlyCount "44"]
[EventDate "2019.08.19"]
[EventType "swiss"]
[EventCountry "TUR"]
[SourceTitle "playchess.com"]
[Source "ChessBase"]
[SourceQuality "1"]
[TimeControl "5400+30"]

1. d4 d5 2. Nf3 Nf6 3. Bf4 e6 4. e3 Bd6 5. Bxd6 cxd6 6. c4 dxc4 7. Bxc4 O-O 8. O-O b6 9. Nc3 Bb7 10. d5 e5 11. Rc1 a6 12. a3 Nbd7 13. b4 b5 14. Bb3 Nb6 15. e4 Rc8 16. Qd3 Qd7 17. Rc2 Rc7 18. Rfc1 Rfc8 19. Nd2 h6 20. h3 Nh5 21. Qe3 Nf4 22. Kh2 Nc4 1/2-1/2

[Event "1st Sivas Buruciye Open 2019"]
[Site "Sivas"]
[Date "2019.08.23"]
[Round "8"]
[White "Yarashov, Azat"]
[Black "Annaberdiyev, Babageldi"]
[Result "1-0"]
[ECO "B23"]
[WhiteElo "2156"]
[BlackElo "2242"]
[Annotator "ChessBase"]
[PlyCount "97"]
[EventDate "2019.08.19"]
[EventType "swiss"]
[EventCountry "TUR"]
[SourceTitle "playchess.com"]
[Source "ChessBase"]
[SourceQuality "1"]
[TimeControl "5400+30"]

1. e4 c5 2. Nc3 Nc6 3. d3 a6 4. g3 b5 5. Bg2 Bb7 6. Be3 e6 7. Nge2 Nf6 8. h3 Qc7 9. O-O Be7 10. a3 Rd8 11. g4 h6 12. Ng3 d5 13. exd5 exd5 14. Nce2 Bc8 15. d4 h5 16. g5 Ne4 17. Nxe4 dxe4 18. d5 Ne5 19. Ng3 Bxh3 20. Bxh3 Nf3+ 21. Kg2 h4 22. Nxe4 Qh2+ 23. Kxf3 Qxh3+ 24. Ke2 Qf5 25. f3 Rxd5 26. Qe1 h3 27. Rd1 h2 28. Rxd5 Qxd5 29. Rh1 Qe5 30. c3 Qd5 31. Qd2 Qe6 32. Kf1 f5 33. gxf6 gxf6 34. Rxh2 Rxh2 35. Qxh2 f5 36. Qb8+ Bd8 37. Bg5 fxe4 38. Qxd8+ Kf7 39. Qe7+ Qxe7 40. Bxe7 Kxe7 41. fxe4 Kf6 42. Ke2 a5 43. Ke3 Ke5 44. Kf3 b4 45. Ke3 b3 46. Kf3 a4 47. Ke3 Kf6 48. Kf4 Ke6 49. c4 1-0

[Event "1st Sivas Buruciye Open 2019"]
[Site "Sivas"]
[Date "2019.08.23"]
[Round "8"]
[White "Khvadagiani, Nika"]
[Black "Subasi, Zeki"]
[Result "1-0"]
[ECO "B22"]
[WhiteElo "1880"]
[BlackElo "1689"]
[Annotator "NA"]
[PlyCount "81"]
[EventDate "2019.08.19"]
[EventType "swiss"]
[EventCountry "TUR"]
[SourceTitle "playchess.com"]
[Source "ChessBase"]
[SourceQuality "1"]
[TimeControl "5400+30"]

1. e4 c5 2. Nf3 d6 3. c3 Nc6 4. d4 cxd4 5. cxd4 e6 6. Nc3 Be7 7. Bd3 Nf6 8. O-O O-O 9. Qe2 a6 10. e5 Ne8 11. Be3 d5 12. Nd2 Qb6 13. Nb3 f5 14. f4 Bd7 15. g4 g6 16. Rf3 a5 17. gxf5 gxf5 18. Kh1 Ng7 19. Rg1 Be8 20. Rfg3 Bg6 21. Qg2 Rfe8 22. Rxg6 hxg6 23. Qxg6 Bf8 24. Bxf5 Nb4 25. Qh7+ Kf7 26. Bg6+ Ke7 27. Bxe8 Rxe8 28. Rxg7+ Bxg7 29. Qxg7+ Kd8 30. Nc5 Re7 31. Qf8+ Re8 32. Qf6+ Kc8 33. Qf7 Qc6 34. Nxb7 Kb8 35. Nxa5 Qc8 36. Nb5 Nc6 37. Nd6 Qa6 38. Qxe8+ Ka7 39. Nxc6+ Kb6 40. Qb8+ Kxc6 41. Qc8+ 1-0

[Event "1st Sivas Buruciye Open 2019"]
[Site "Sivas"]
[Date "2019.08.23"]
[Round "8"]
[White "Sabahi, Ali Can"]
[Black "Can, Ilhan"]
[Result "1-0"]
[ECO "B07"]
[WhiteElo "1825"]
[BlackElo "1683"]
[Annotator "NA"]
[PlyCount "121"]
[EventDate "2019.08.19"]
[EventType "swiss"]
[EventCountry "TUR"]
[SourceTitle "playchess.com"]
[Source "ChessBase"]
[SourceQuality "1"]
[TimeControl "5400+30"]

1. d4 d6 2. e4 Nf6 3. Nc3 g6 4. Be3 Bg7 5. f3 c6 6. Qd2 h6 7. Nge2 Nbd7 8. h3 Qa5 9. Nc1 h5 10. Bd3 h4 11. Nb3 Qc7 12. Bg5 a6 13. Qf2 c5 14. dxc5 dxc5 15. Nd2 Qg3 16. Qxg3 hxg3 17. O-O-O Bh6 18. Bxh6 Rxh6 19. Nf1 Nh5 20. Ne2 c4 21. Bxc4 Ne5 22. Bb3 Nxf3 23. Nfxg3 Nxg3 24. Nxg3 Ne5 25. Rhf1 f6 26. Bd5 g5 27. Rd4 a5 28. Nf5 Rh7 29. Rfd1 Kf8 30. Bb3 Bxf5 31. Rd8+ Rxd8 32. Rxd8+ Kg7 33. Rg8+ Kh6 34. exf5 g4 35. hxg4 Rg7 36. Rxg7 Kxg7 37. Bd5 b6 38. Bf3 Kh6 39. Kd2 Kg5 40. Ke3 Nc4+ 41. Kd4 Nxb2 42. Kd5 Na4 43. Kc6 Kf4 44. Kb5 Nc3+ 45. Kxb6 a4 46. Ka5 Ke3 47. a3 Kd2 48. Bc6 Kxc2 49. Bxa4+ Kb2 50. Kb4 Nd5+ 51. Kc5 Ne3 52. Bc6 Kxa3 53. Bf3 Kb3 54. Kd4 Nf1 55. Kd5 Kc3 56. Ke6 Kd4 57. Kxe7 Ke5 58. g5 fxg5 59. f6 Ng3 60. f7 Nf5+ 61. Kd7 1-0

[Event "1st Sivas Buruciye Open 2019"]
[Site "Sivas"]
[Date "2019.08.23"]
[Round "8"]
[White "Genc, Ugur Can"]
[Black "Taze, Bulent"]
[Result "1-0"]
[ECO "C10"]
[WhiteElo "1661"]
[BlackElo "1743"]
[Annotator "NA"]
[PlyCount "87"]
[EventDate "2019.08.19"]
[EventType "swiss"]
[EventCountry "TUR"]
[SourceTitle "playchess.com"]
[Source "ChessBase"]
[SourceQuality "1"]
[TimeControl "5400+30"]

1. e4 e6 2. d4 d5 3. Nd2 dxe4 4. Nxe4 Nd7 5. Be3 Ngf6 6. Bd3 Nxe4 7. Bxe4 Nf6 8. Bf3 Be7 9. Ne2 O-O 10. O-O Rb8 11. c4 b6 12. Nc3 Bb7 13. Bxb7 Rxb7 14. Qf3 Rb8 15. Rfd1 Qc8 16. Rac1 Qb7 17. Qe2 c6 18. f3 Rfd8 19. b3 Rbc8 20. g4 h6 21. h4 Nh7 22. Qf2 Qc7 23. f4 g6 24. f5 g5 25. Ne4 exf5 26. gxf5 f6 27. Qf3 Bf8 28. Kg2 Qf7 29. Rh1 Bg7 30. Rcg1 Qe7 31. Kf2 Re8 32. Ng3 Nf8 33. Re1 Qf7 34. hxg5 fxg5 35. Nh5 Nd7 36. Nxg7 Qxg7 37. Reg1 Rf8 38. Ke2 Qf6 39. Kd2 Kg7 40. Qh5 Rh8 41. Bxg5 Qxd4+ 42. Kc2 Qe4+ 43. Kc1 Nc5 44. Be7+ 1-0

[Event "1st Sivas Buruciye Open 2019"]
[Site "Sivas"]
[Date "2019.08.23"]
[Round "8"]
[White "Samli, Ibrahim"]
[Black "Amanmuradow, Atajan"]
[Result "1-0"]
[ECO "B01"]
[WhiteElo "1655"]
[BlackElo "1794"]
[Annotator "NA"]
[PlyCount "49"]
[EventDate "2019.08.19"]
[EventType "swiss"]
[EventCountry "TUR"]
[SourceTitle "playchess.com"]
[Source "ChessBase"]
[SourceQuality "1"]
[TimeControl "5400+30"]

1. e4 d5 2. exd5 Qxd5 3. Nc3 Qa5 4. d4 Nf6 5. Nf3 c6 6. Bd2 Bf5 7. Bc4 e6 8. Bb3 Nbd7 9. Qe2 Qc7 10. h3 h6 11. g4 Bh7 12. O-O-O O-O-O 13. g5 Nd5 14. Nxd5 exd5 15. gxh6 gxh6 16. Ne5 Re8 17. Qg4 Rg8 18. Nxd7 Qxd7 19. Qxd7+ Kxd7 20. Rhg1 Rxg1 21. Rxg1 Bf5 22. Rg3 Re4 23. c3 Rh4 24. Bd1 Bxh3 25. Rxh3 1-0

[Event "1st Sivas Buruciye Open 2019"]
[Site "Sivas"]
[Date "2019.08.23"]
[Round "8"]
[White "Ozen, Sadettin Alperen"]
[Black "Babayeva, Nasrin"]
[Result "0-1"]
[ECO "B00"]
[WhiteElo "1549"]
[BlackElo "1547"]
[Annotator "NA"]
[PlyCount "66"]
[EventDate "2019.08.19"]
[EventType "swiss"]
[EventCountry "TUR"]
[SourceTitle "playchess.com"]
[Source "ChessBase"]
[SourceQuality "1"]
[TimeControl "5400+30"]

1. e4 Nc6 2. Nf3 d6 3. d4 Bg4 4. Bb5 a6 5. Ba4 b5 6. Bb3 Nf6 7. Be3 e6 8. Nbd2 Be7 9. O-O O-O 10. c4 bxc4 11. Bxc4 Nxe4 12. Nxe4 d5 13. Bd3 dxe4 14. Bxe4 Nb4 15. Qb1 Bxf3 16. Bxf3 Rb8 17. a3 Nd5 18. Bd2 Bf6 19. Bxd5 Qxd5 20. Bb4 Rfd8 21. Qc2 Bxd4 22. Rad1 Qb7 23. Rd3 Rd5 24. Rfd1 Rbd8 25. Qc4 Qb6 26. Kh1 c5 27. Be1 Qb5 28. Qc2 Qxb2 29. Qa4 Qb5 30. Qc2 c4 31. Rh3 h6 32. Rb1 Qc6 33. Ba5 Rxa5 0-1

[Event "1st Sivas Buruciye Open 2019"]
[Site "Sivas"]
[Date "2019.08.24"]
[Round "9"]
[White "Gasimov, Parviz"]
[Black "Yarashov, Azat"]
[Result "0-1"]
[ECO "B53"]
[WhiteElo "2342"]
[BlackElo "2156"]
[Annotator "ChessBase"]
[PlyCount "78"]
[EventDate "2019.08.19"]
[EventType "swiss"]
[EventCountry "TUR"]
[SourceTitle "playchess.com"]
[Source "ChessBase"]
[SourceQuality "1"]
[TimeControl "5400+30"]

1. e4 c5 2. Nf3 d6 3. d4 cxd4 4. Qxd4 Nc6 5. Bb5 Bd7 6. Bxc6 Bxc6 7. Nc3 Nf6 8. Bg5 e6 9. O-O-O Be7 10. Rhe1 Qc7 11. Qd2 h6 12. Bxf6 gxf6 13. Nd4 O-O-O 14. Qe3 Qa5 15. f4 Kb8 16. Kb1 Bd7 17. f5 Rc8 18. Nce2 h5 19. g3 Bf8 20. Qd3 Qb6 21. Rf1 Be7 22. Nf4 e5 23. Nd5 Qd8 24. Nb5 Bf8 25. Na3 Rg8 26. Qf3 Rh8 27. Qb3 Bc6 28. Rf3 h4 29. g4 Bh6 30. Rfd3 Bg5 31. Qb4 h3 32. Nc4 Bxd5 33. Rxd5 Qc7 34. b3 Bf4 35. R5d3 Qc5 36. Qe1 Bxh2 37. Qf1 Bf4 38. Rd5 Qc6 39. Rxd6 Qxe4 0-1

[Event "1st Sivas Buruciye Open 2019"]
[Site "Sivas"]
[Date "2019.08.24"]
[Round "9"]
[White "Darban, Morteza"]
[Black "Babayev, Talib"]
[Result "1/2-1/2"]
[ECO "C42"]
[WhiteElo "2280"]
[BlackElo "2288"]
[Annotator "ChessBase"]
[PlyCount "22"]
[EventDate "2019.08.19"]
[EventType "swiss"]
[EventCountry "TUR"]
[SourceTitle "playchess.com"]
[Source "ChessBase"]
[SourceQuality "1"]
[TimeControl "5400+30"]

1. e4 e5 2. Nf3 Nf6 3. Nxe5 d6 4. Nf3 Nxe4 5. Qe2 Qe7 6. d3 Nf6 7. Bg5 Nbd7 8. Nc3 Qxe2+ 9. Bxe2 h6 10. Bd2 Nb6 11. Nb5 Kd8 1/2-1/2

[Event "1st Sivas Buruciye Open 2019"]
[Site "Sivas"]
[Date "2019.08.24"]
[Round "9"]
[White "Gur, Tuba"]
[Black "Ciblakbas, Sertan"]
[Result "1-0"]
[ECO "D05"]
[WhiteElo "1775"]
[BlackElo "1720"]
[Annotator "NA"]
[PlyCount "49"]
[EventDate "2019.08.19"]
[EventType "swiss"]
[EventCountry "TUR"]
[SourceTitle "playchess.com"]
[Source "ChessBase"]
[SourceQuality "1"]
[TimeControl "5400+30"]

1. d4 Nf6 2. Nf3 e6 3. e3 d5 4. Bd3 c5 5. O-O Nc6 6. b3 Bd6 7. Bb2 O-O 8. a3 b6 9. Ne5 Bb7 10. f4 Ne7 11. Nd2 Ne4 12. Nxe4 dxe4 13. Bc4 Bxe5 14. dxe5 Qxd1 15. Rfxd1 Rad8 16. Kf2 h5 17. Be2 g6 18. b4 Nf5 19. Bc3 c4 20. b5 Rxd1 21. Rxd1 Bd5 22. Bb4 Rc8 23. g4 hxg4 24. Bxg4 Ng7 25. Rxd5 1-0

[Event "1st Sivas Buruciye Open 2019"]
[Site "Sivas"]
[Date "2019.08.24"]
[Round "9"]
[White "Subasi, Fidel"]
[Black "Khvadagiani, Nika"]
[Result "0-1"]
[ECO "B23"]
[WhiteElo "1683"]
[BlackElo "1880"]
[Annotator "NA"]
[PlyCount "42"]
[EventDate "2019.08.19"]
[EventType "swiss"]
[EventCountry "TUR"]
[SourceTitle "playchess.com"]
[Source "ChessBase"]
[SourceQuality "1"]
[TimeControl "5400+30"]

1. e4 c5 2. Nc3 Nc6 3. f4 d6 4. Bb5 Bd7 5. Nf3 g6 6. O-O Bg7 7. d3 Nd4 $14 8. Bc4 b5 9. Bd5 Rc8 10. f5 Nf6 11. Be3 b4 12. Bxd4 cxd4 13. Ne2 Nxd5 14. exd5 Bxf5 15. Ng5 O-O 16. Ng3 Bd7 17. h4 h6 18. Nf3 Qa5 19. h5 Qxd5 20. Nh4 Qg5 21. hxg6 fxg6 0-1

[Event "1st Sivas Buruciye Open 2019"]
[Site "Sivas"]
[Date "2019.08.24"]
[Round "9"]
[White "Bogaakca, Mehmet"]
[Black "Sabahi, Ali Can"]
[Result "0-1"]
[ECO "A46"]
[WhiteElo "1665"]
[BlackElo "1825"]
[Annotator "NA"]
[PlyCount "62"]
[EventDate "2019.08.19"]
[EventType "swiss"]
[EventCountry "TUR"]
[SourceTitle "playchess.com"]
[Source "ChessBase"]
[SourceQuality "1"]
[TimeControl "5400+30"]

1. Nf3 e6 2. d4 Nf6 3. Bg5 c5 4. c3 cxd4 5. cxd4 Qb6 6. Qc2 Nc6 7. Bxf6 gxf6 8. e3 d5 9. Nbd2 Bd7 10. Rc1 Bd6 11. Qb3 Qxb3 12. Nxb3 b6 13. Bb5 Nb4 14. Bxd7+ Kxd7 15. Kd2 Nxa2 16. Ra1 Nb4 17. Rhc1 a5 18. Ke2 a4 19. Nbd2 b5 20. Ne1 Rhc8 21. Nd3 Nc2 22. Ra2 Nb4 23. Raa1 Nxd3 24. Rxc8 Nf4+ 25. exf4 Rxc8 26. b3 Bxf4 27. Nf3 Rc2+ 28. Kd3 axb3 29. g3 Bh6 30. Rf1 b4 31. g4 Bc1 0-1

[Event "1st Sivas Buruciye Open 2019"]
[Site "Sivas"]
[Date "2019.08.24"]
[Round "9"]
[White "Altundal, Arda"]
[Black "Genc, Ugur Can"]
[Result "1-0"]
[ECO "B40"]
[WhiteElo "1659"]
[BlackElo "1661"]
[Annotator "NA"]
[PlyCount "61"]
[EventDate "2019.08.19"]
[EventType "swiss"]
[EventCountry "TUR"]
[SourceTitle "playchess.com"]
[Source "ChessBase"]
[SourceQuality "1"]
[TimeControl "5400+30"]

1. e4 c5 2. Nf3 e6 3. d4 cxd4 4. Nxd4 Nf6 5. Bd3 Nc6 6. Nb3 a5 7. a4 d5 8. Qe2 Bd6 9. O-O O-O 10. f4 dxe4 11. Bxe4 Nxe4 12. Qxe4 Ne7 13. Nc3 Bd7 14. Nd4 Bc5 15. Kh1 Qb6 16. Rd1 Rfd8 17. b3 Rac8 18. Bb2 Nc6 19. Nf3 h6 20. h3 Qb4 21. Kh2 f5 22. Qxb4 Nxb4 23. Ne5 Be8 24. Nc4 b6 25. Rxd8 Rxd8 26. Rc1 Bc6 27. Nb1 Bd5 28. Nba3 Kf8 29. Rd1 g6 30. Ne5 Nc6 31. Nxc6 1-0

[Event "1st Sivas Buruciye Open 2019"]
[Site "Sivas"]
[Date "2019.08.24"]
[Round "9"]
[White "Ismayilov, Arturan"]
[Black "Sibli, Murat Yigit"]
[Result "0-1"]
[ECO "B90"]
[WhiteElo "1561"]
[BlackElo "1583"]
[Annotator "NA"]
[PlyCount "106"]
[EventDate "2019.08.19"]
[EventType "swiss"]
[EventCountry "TUR"]
[SourceTitle "playchess.com"]
[Source "ChessBase"]
[SourceQuality "1"]
[TimeControl "5400+30"]

1. e4 c5 2. Nf3 d6 3. d4 cxd4 4. Nxd4 Nf6 5. Nc3 a6 6. h3 e5 7. Nde2 Nbd7 8. g4 h6 9. Bg2 b5 10. O-O Bb7 11. Ng3 Rc8 12. Be3 Nb6 13. Nd5 Bxd5 14. exd5 Nc4 15. b3 Nxe3 16. fxe3 Qb6 17. Qd3 Qc5 18. Rac1 Qc3 19. Qe2 Be7 20. Nf5 g6 21. Nxd6+ Bxd6 22. Rxf6 Bc5 23. Re1 O-O 24. d6 e4 25. Qf2 Kg7 26. Rf4 Bxd6 27. Rxe4 Bc5 28. Kh1 Rcd8 29. Rf1 Rd2 30. Qf3 Rd7 31. Rf2 f5 32. gxf5 Rxf5 33. Qe2 Rxf2 34. Qxf2 Rf7 35. Qg3 Qa1+ 36. Kh2 Qf6 37. Qe1 Bd6+ 38. Kh1 Bc7 39. Qd1 Kh7 40. Rg4 h5 41. Rd4 Qe5 42. Qg1 Qg3 43. Rd1 Kh6 44. a3 Re7 45. Rd3 Rf7 46. e4 Qe5 47. Bf3 Kh7 48. Rd5 Qf4 49. Bg2 Re7 50. a4 bxa4 51. bxa4 Be5 52. c4 Rb7 53. c5 Rb1 0-1

[Event "1st Sivas Buruciye Open 2019"]
[Site "Sivas"]
[Date "2019.08.24"]
[Round "9"]
[White "Akbayir, Eymen"]
[Black "Unal, Burak Kayra"]
[Result "1/2-1/2"]
[ECO "B48"]
[WhiteElo "1108"]
[BlackElo "1379"]
[Annotator "NA"]
[PlyCount "104"]
[EventDate "2019.08.19"]
[EventType "swiss"]
[EventCountry "TUR"]
[SourceTitle "playchess.com"]
[Source "ChessBase"]
[SourceQuality "1"]
[TimeControl "5400+30"]

1. e4 c5 2. Nf3 e6 3. d4 cxd4 4. Nxd4 a6 5. Nc3 Nc6 6. Be3 Qc7 7. Qd2 b5 8. a3 Nf6 9. Nf3 Bb7 10. Bd3 Be7 11. Rd1 Rd8 12. Bf4 d6 13. Qe2 Nd7 14. b4 Nce5 15. Bxe5 Nxe5 16. Nb1 O-O 17. O-O Nxf3+ 18. Qxf3 g6 19. Rfe1 d5 20. exd5 Bxd5 21. Be4 Bxe4 22. Qxe4 Rc8 23. Rd2 Bg5 24. Rde2 Rfd8 25. Qg4 Bf6 26. Qg3 Rd7 27. Qb3 Qc4 28. Qf3 Kg7 29. g3 Bc3 30. Rc1 Qc6 31. Qxc6 Rxc6 32. Nxc3 Rxc3 33. Ra1 Rd4 34. Kf1 Kf6 35. Ke1 e5 36. Ra2 e4 37. Rd2 Ke5 38. Rxd4 Kxd4 39. Kd2 Rf3 40. Ke2 f5 41. a4 Kc4 42. axb5 axb5 43. Ra7 Rc3 44. Kd2 Rf3 45. Ke2 Rc3 46. Kd2 Rf3 47. Ke1 Rc3 48. Kd2 Rf3 49. Ke2 Rc3 50. Kd2 Rf3 51. Ke2 Rc3 52. Kd2 Rf3 1/2-1/2